 Dungeon Crawl Stone Soup version 0.21.0-24-g2553a33 (webtiles) character file.

780 tidbits the Firebug (level 7, -4/51 HPs)
             Began as a Gnoll Fire Elementalist on Jan 19, 2018.
             Slain by a hungry ghost (5 damage)
             ... on level 7 of the Dungeon.
             The game lasted 00:08:16 (1050 turns).

tidbits the Firebug (Gnoll Fire Elementalist)       Turns: 1050, Time: 00:08:16

Health: -4/51      AC:  2    Str: 10    XL:     7   Next: 85%
Magic:  1/15       EV: 15    Int: 19    God:
Gold:   132        SH:  5    Dex: 16    Spells: 9/17 levels left

rFire    . . .     SeeInvis .   a - +2 war axe (elec)
rCold    . . .     Gourm    .   m - +0 buckler
rNeg     . . .     Faith    .   n - +0 robe
rPois    .         Spirit   .   (no helmet)
rElec    .         Reflect  .   (no cloak)
rCorr    .         Harm     .   (no gloves)
MR       .....                  (no boots)
Stlth    ++........             (no amulet)
HPRegen  0.17/turn              f - ring of loudness (curse)
MPRegen  0.14/turn              (no ring)

@: very slightly contaminated, starving
A: distributed training, fangs 1, strong nose
a: no special abilities


You were on level 7 of the Dungeon.
You were starving.

You visited 2 branches of the dungeon, and saw 9 of its levels.

You collected 132 gold pieces.

Inventory:

Hand Weapons
 a - a +2 war axe of electrocution (weapon)
   (You found it on level 5 of the Dungeon)
 b - the +6 spear "Ipnerheykoi" {drain, *Corrode +Blink rF- Str+6}
   (You found it on level 7 of the Dungeon)

   A truly terrible weapon, it drains the life of those it strikes.
   It affects your strength (+6).
   It makes you vulnerable to fire.
   It lets you blink.
   It may corrode you when you take damage.
 l - a +0 short sword
Missiles
 d - 40 arrows
Armour
 m - a +0 buckler (worn)
 n - a +0 robe (worn)
Jewellery
 f - a cursed ring of loudness (left hand)
   (You found it on level 1 of the Dungeon)
Wands
 p - a wand of random effects (28)
Scrolls
 e - a scroll of teleportation
 g - a scroll of identify
 i - a scroll of immolation
 k - a scroll of blinking
Potions
 h - a potion of degeneration
 j - a potion of invisibility
Books
 o - a book of Flames

   Spells                             Type                      Level
   a - Flame Tongue                   Conjuration/Fire             1
   b - Throw Flame                    Conjuration/Fire             2
   c - Conjure Flame                  Conjuration/Fire             3
   d - Inner Flame                    Hexes/Fire                   3
   e - Sticky Flame                   Conjuration/Fire             4
   f - Fireball                       Conjuration/Fire             5
Comestibles
 c - 7 rations


   Skills:
 + Level 2.7 Fighting
 + Level 2.7 Short Blades
 + Level 2.7 Long Blades
 + Level 2.7 Axes
 + Level 2.7 Maces & Flails
 + Level 2.7 Polearms
 + Level 2.7 Staves
 + Level 2.7 Slings
 + Level 2.7 Bows
 + Level 2.7 Crossbows
 + Level 2.7 Throwing
 + Level 2.7 Armour
 + Level 5.3 Dodging
 + Level 5.0 Stealth
 + Level 2.7 Shields
 + Level 2.7 Unarmed Combat
 + Level 5.7 Spellcasting
 + Level 3.1 Conjurations
 + Level 2.2 Hexes
 + Level 2.2 Charms
 + Level 2.2 Summonings
 + Level 2.2 Necromancy
 + Level 2.2 Translocations
 + Level 2.2 Transmutations
 + Level 5.9 Fire Magic
 + Level 2.2 Ice Magic
 + Level 2.2 Air Magic
 + Level 2.2 Earth Magic
 + Level 2.2 Poison Magic
 + Level 3.0 Invocations
 + Level 2.7 Evocations


You had 9 spell levels left.
You knew the following spells:

 Your Spells              Type           Power        Failure   Level  Hunger
a - Flame Tongue          Conj/Fire      ###..        1%          1    None
c - Conjure Flame         Conj/Fire      ###.....     6%          3    ##.....
i - Sticky Flame          Conj/Fire      ###.....     21%         4    ####...


Dungeon Overview and Level Annotations

Branches:
Dungeon (8/15)             Temple (1/1) D:7
   Lair: D:8-11

Altars:
Dithmenos
Elyvilon
Fedhas
Hepliaklqana
Kikubaaqudgha
Makhleb
Nemelex Xobeh
Okawaru
Qazlal
Ru
Sif Muna
Trog
Uskayaw
Vehumet
Xom
Yredelemnul
Zin
The Shining One

Shops:
D:6 %   D:7 }


Innate Abilities, Weirdness & Mutations

Your experience applies equally to all skills.
You have very sharp teeth.
Your uncanny sense of smell can sniff out nearby items.


Message History

Aiming: Flame Tongue
Press: ? - help, Shift-Dir - straight line, f/p - hippogriff
Aim: a hippogriff (lightly wounded)
The flame tongue hits the hippogriff.
The hippogriff is moderately wounded.
Casting: Flame Tongue
Confirm with . or Enter, or press ? or * to list all spells.
Aiming: Sticky Flame
Press: ? - help, Shift-Dir - straight line, f/p - hippogriff
Aim: a hippogriff (moderately wounded)
You miscast Sticky Flame.
You are very lightly contaminated with residual magic.
Nothing appears to happen.
The hippogriff bites you but does no damage.
The hippogriff barely misses you. The hippogriff closely misses you.
Casting: Sticky Flame
Confirm with . or Enter, or press ? or * to list all spells.
Aiming: Sticky Flame
Press: ? - help, Shift-Dir - straight line, f/p - hippogriff
Aim: a hippogriff (moderately wounded)
The sticky flame hits the hippogriff.
The hippogriff is moderately wounded.
The hippogriff is covered in liquid flames!
You are feeling very hungry.
The hippogriff burns!
You block the hippogriff's attack. The hippogriff pecks you!
* * * LOW HITPOINT WARNING * * *
The hippogriff closely misses you.
You hit the hippogriff. You drain the hippogriff! You bite the hippogriff.
The hippogriff is severely wounded.
The hippogriff burns!
The hippogriff bites you but does no damage.
The hippogriff pecks you.
* * * LOW HITPOINT WARNING * * *
You block the hippogriff's attack.
Casting: Sticky Flame
Confirm with . or Enter, or press ? or * to list all spells.
Aiming: Flame Tongue
Press: ? - help, Shift-Dir - straight line, f/p - hippogriff
Aim: a hippogriff (severely wounded, covered in liquid flames, lightly drained)
The flame tongue hits the hippogriff.
The hippogriff is almost dead.
The hippogriff burns!
The hippogriff bites you.
* * * LOW HITPOINT WARNING * * *
The hippogriff barely misses you. You block the hippogriff's attack.
The hippogriff burns!
You kill the hippogriff!
Your Stealth skill increases to level 5!
Your Conjurations skill increases to level 3!
Your Invocations skill increases to level 3!
You see here 15 gold pieces.
You now have 132 gold pieces (gained 15).
There is a stone staircase leading down here.
Found 23 arrows and 18 bolts.
A hungry ghost comes into view.
An ooze comes into view.
You see here 23 arrows.
d - 40 arrows (gained 23)
There is a stone staircase leading down here.
Casting: Flame Tongue
Confirm with . or Enter, or press ? or * to list all spells.
Aiming: Flame Tongue
Press: ? - help, Shift-Dir - straight line, f - hungry ghost
Aim: a hungry ghost You miscast Flame Tongue.
Wisps of smoke drift from your hands. The hungry ghost closely misses you.
Casting: Flame Tongue
Confirm with . or Enter, or press ? or * to list all spells.
Aiming: Sticky Flame
Press: ? - help, Shift-Dir - straight line, f/p - hungry ghost
Aim: a hungry ghost The sticky flame hits the hungry ghost.
The hungry ghost is lightly damaged.
The hungry ghost misses you.
Wield which item (- for none, * to show all)? (? for menu, Esc to quit)
You hear the crackle of electricity.
a - a +2 war axe of electrocution (weapon)
The hungry ghost hits you.
* * * LOW HITPOINT WARNING * * *
You are near starving!
You slash the hungry ghost! Your bite misses the hungry ghost.
The hungry ghost is moderately damaged.
The hungry ghost hits you.
* * * LOW HITPOINT WARNING * * *
You feel somewhat more hungry.
You closely miss the hungry ghost.
The hungry ghost is moderately damaged.
The hungry ghost misses you.
You barely miss the hungry ghost.
The hungry ghost is moderately damaged.
You are starving!
The hungry ghost hits you.
* * * LOW HITPOINT WARNING * * *
You feel somewhat more hungry. The hungry ghost hits you.
* * * LOW HITPOINT WARNING * * *
You feel somewhat more hungry.
You closely miss the hungry ghost. Your bite misses the hungry ghost.
The hungry ghost is moderately damaged.
The hungry ghost hits you.
You die...

##(#.. ###.... ##.....# ..!##..#
.#.....## ....#...####
..#...#.>..# #########
.....#####.#############.......#
...............W@..............#
.....#####.###########.....♣.<.#
...... #.# ###...#.♣.∩.♣.#
...... .... ##...######♣####
#.#..# #..#..###..###### ....##
##.##...#.###...# ##### ..#.#
#..#......##...# #...#
....#######.............###...#
..#......................##...#


You could see a hungry ghost.

Vanquished Creatures
  A hornet (D:7)
  A hippogriff (D:7)
  A sky beast (D:5)
  A phantom (D:6)
  A scorpion (D:7)
  A centaur zombie (D:7)
  2 jellies
  A hound (D:5)
  A worker ant (D:4)
  An adder (D:5)
  2 dart slugs
  3 leopard geckos
  2 orcs
  A ball python (D:4)
  3 giant cockroaches
  A goblin (D:2)
  2 hobgoblins
  3 quokkas
  2 kobolds
  A leopard gecko zombie (D:5)
  A rat (D:2)
32 creatures vanquished.

Notes
Turn   | Place    | Note
-------+----------+-------------------------------------------
     0 | D:1      | tidbits the Gnoll Fire Elementalist began the quest for the Orb.
     0 | D:1      | Reached XP level 1. HP: 13/13 MP: 6/6
    65 | D:1      | Reached skill level 2 in Conjurations
   105 | D:2      | Reached XP level 2. HP: 19/19 MP: 3/7
   206 | D:3      | Found a sacrificial altar of Ru.
   271 | D:5      | Entered Level 5 of the Dungeon
   281 | D:4      | Reached XP level 3. HP: 21/25 MP: 5/9
   467 | D:5      | Reached skill level 5 in Spellcasting
   505 | D:5      | Reached skill level 1 in Fighting
   505 | D:5      | Reached skill level 1 in Short Blades
   505 | D:5      | Reached skill level 1 in Long Blades
   505 | D:5      | Reached skill level 1 in Axes
   505 | D:5      | Reached skill level 1 in Maces & Flails
   505 | D:5      | Reached skill level 1 in Polearms
   505 | D:5      | Reached skill level 1 in Staves
   505 | D:5      | Reached skill level 1 in Slings
   505 | D:5      | Reached skill level 1 in Bows
   505 | D:5      | Reached skill level 1 in Crossbows
   505 | D:5      | Reached skill level 1 in Throwing
   505 | D:5      | Reached skill level 1 in Armour
   505 | D:5      | Reached skill level 1 in Shields
   505 | D:5      | Reached skill level 1 in Unarmed Combat
   505 | D:5      | Reached skill level 1 in Invocations
   505 | D:5      | Reached skill level 1 in Evocations
   505 | D:5      | Reached XP level 4. HP: 29/32 MP: 7/11
   577 | D:5      | Reached skill level 1 in Hexes
   577 | D:5      | Reached skill level 1 in Charms
   577 | D:5      | Reached skill level 1 in Summonings
   577 | D:5      | Reached skill level 1 in Necromancy
   577 | D:5      | Reached skill level 1 in Translocations
   577 | D:5      | Reached skill level 1 in Transmutations
   577 | D:5      | Reached skill level 1 in Ice Magic
   577 | D:5      | Reached skill level 1 in Air Magic
   577 | D:5      | Reached skill level 1 in Earth Magic
   577 | D:5      | Reached skill level 1 in Poison Magic
   658 | D:4      | Reached XP level 5. HP: 37/37 MP: 8/12
   667 | D:5      | Noticed a sky beast
   671 | D:5      | Killed a sky beast
   677 | D:5      | Learned a level 4 spell: Sticky Flame
   681 | D:5      | Learned a level 3 spell: Conjure Flame
   721 | D:5      | Found a sparkling altar of Nemelex Xobeh.
   731 | D:6      | Found Weamihel's Food Shop.
   746 | D:6      | Noticed a phantom
   765 | D:6      | Killed a phantom
   765 | D:6      | Reached skill level 2 in Invocations
   765 | D:6      | Reached XP level 6. HP: 22/44 MP: 1/14
   784 | D:7      | Found a staircase to the Ecumenical Temple.
   795 | Temple   | Entered the Ecumenical Temple
   910 | D:7      | Reached skill level 2 in Fighting
   910 | D:7      | Reached skill level 2 in Short Blades
   910 | D:7      | Reached skill level 2 in Long Blades
   910 | D:7      | Reached skill level 2 in Axes
   910 | D:7      | Reached skill level 2 in Maces & Flails
   910 | D:7      | Reached skill level 2 in Polearms
   910 | D:7      | Reached skill level 2 in Staves
   910 | D:7      | Reached skill level 2 in Slings
   910 | D:7      | Reached skill level 2 in Bows
   910 | D:7      | Reached skill level 2 in Crossbows
   910 | D:7      | Reached skill level 2 in Throwing
   910 | D:7      | Reached skill level 2 in Armour
   910 | D:7      | Reached skill level 5 in Dodging
   910 | D:7      | Reached skill level 2 in Shields
   910 | D:7      | Reached skill level 2 in Unarmed Combat
   910 | D:7      | Reached skill level 2 in Evocations
   924 | D:7      | Got a dazzling spear
   925 | D:7      | Identified the +6 spear "Ipnerheykoi" {drain, *Corrode +Blink rF- Str+6} (You found it on level 7 of the Dungeon)
   966 | D:7      | Noticed a hornet
   967 | D:7      | Found Yde Usog's Gadget Shoppe.
   974 | D:7      | Killed a hornet
   974 | D:7      | Reached XP level 7. HP: 22/51 MP: 7/15
   987 | D:6      | Reached skill level 2 in Hexes
   987 | D:6      | Reached skill level 2 in Charms
   987 | D:6      | Reached skill level 2 in Summonings
   987 | D:6      | Reached skill level 2 in Necromancy
   987 | D:6      | Reached skill level 2 in Translocations
   987 | D:6      | Reached skill level 2 in Transmutations
   987 | D:6      | Reached skill level 2 in Ice Magic
   987 | D:6      | Reached skill level 2 in Air Magic
   987 | D:6      | Reached skill level 2 in Earth Magic
   987 | D:6      | Reached skill level 2 in Poison Magic
  1011 | D:7      | Noticed a hippogriff
  1021 | D:7      | Killed a hippogriff
  1021 | D:7      | Reached skill level 5 in Stealth
  1021 | D:7      | Reached skill level 3 in Conjurations
  1021 | D:7      | Reached skill level 3 in Invocations
  1028 | D:7      | Noticed a hungry ghost
  1049 | D:7      | HP: 4/51 [hungry ghost (3)]
  1049 | D:7      | HP: 1/51 [hungry ghost (3)]
  1050 | D:7      | Slain by a hungry ghost

Skill      XL: |  1  2  3  4  5  6  7 |
---------------+----------------------+-----
Conjurations   | 2 3 |  3.1
Spellcasting   | 5 |  5.7
Fighting       | 1 2 |  2.7
Short Blades   | 1 2 |  2.7
Long Blades    | 1 2 |  2.7
Axes           | 1 2 |  2.7
Maces & Flails | 1 2 |  2.7
Polearms       | 1 2 |  2.7
Staves         | 1 2 |  2.7
Slings         | 1 2 |  2.7
Bows           | 1 2 |  2.7
Crossbows      | 1 2 |  2.7
Throwing       | 1 2 |  2.7
Armour         | 1 2 |  2.7
Shields        | 1 2 |  2.7
Unarmed Combat | 1 2 |  2.7
Invocations    | 1 2 3 |  3.0
Evocations     | 1 2 |  2.7
Hexes          | 1 2 |  2.2
Charms         | 1 2 |  2.2
Summonings     | 1 2 |  2.2
Necromancy     | 1 2 |  2.2
Translocations | 1 2 |  2.2
Transmutations | 1 2 |  2.2
Ice Magic      | 1 2 |  2.2
Air Magic      | 1 2 |  2.2
Earth Magic    | 1 2 |  2.2
Poison Magic   | 1 2 |  2.2
Dodging        | 5 |  5.3
Stealth        | 5 |  5.0
Fire Magic     | |  5.9

Action                   |  1- 3 |  4- 6 |  7- 9 || total
-------------------------+-------+-------+-------++-------
Melee: Short sword       |     8 |       |       ||     8
       Unarmed           |     2 |       |       ||     2
       War axe           |     4 |    20 |     4 ||    28
       Spear             |       |     2 |     2 ||     4
       Bite              |       |       |     1 ||     1
 Cast: Flame Tongue      |    25 |    27 |     5 ||    57
       Sticky Flame      |       |     3 |     2 ||     5
  Use: Potion            |     3 |       |       ||     3
       Scroll            |       |     7 |       ||     7
 Stab: Sleeping          |     2 |       |       ||     2
Armor: Robe              |     5 |       |     2 ||     7
Dodge: Dodged            |    27 |    27 |     7 ||    61
Block: Buckler           |       |     1 |     3 ||     4

Table legend:
 A = Turns spent in this place as a percentage of turns spent in the entire game.
 B = Non-inter-level travel turns spent in this place as a percentage of non-inter-level travel turns spent in the entire game.
 C = Inter-level travel turns spent in this place as a percentage of turns spent in this place.
 D = Turns resting spent in this place as a percentage of non-inter-level travel turns spent in this place.
 E = Turns spent auto-exploring this place as a percentage of non-inter-level travel turns spent in this place.
 F = Non-inter-level travel turns spent in this place divided by the number of levels of this place that you've seen.
                   A       B       C       D       E      F
               +-------+-------+-------+-------+-------+----------------------
         Total | 100.0 | 100.0 |   2.1 |   0.0 |   0.0 | 114.2
       Dungeon |  93.5 |  93.4 |   2.2 |   0.0 |   0.0 | 120.0
        Temple |   6.5 |   6.6 |   0.0 |   0.0 |   0.0 |  68.0
               +-------+-------+-------+-------+-------+----------------------

Table legend:
 A = Kills in this place as a percentage of kills in entire the game.
 B = Kills by you in this place as a percentage of kills by you in the entire game.
 C = Kills by friends in this place as a percentage of kills by friends in the entire game.
 D = Other kills in this place as a percentage of other kills in the entire game.
 E = Experience gained in this place as a percentage of experience gained in the entire game.
 F = Experience gained in this place divided by the number of levels of this place that you have seen.
                   A       B       C       D       E      F
               +-------+-------+-------+-------+-------+----------------------
         Total | 100.0 | 100.0 |   N/A |   N/A | 100.0 | 123.9
       Dungeon | 100.0 | 100.0 |   N/A |   N/A | 100.0 | 139.4
               +-------+-------+-------+-------+-------+----------------------

Vault maps used:
D:1:      dpeg_arrival_rooms_a
D:2:      minmay_misc_feat_diagonals, hangedman_decor_peaks_small, uniq_sigmund,
          uniq_terence
D:3:      kennysheep_slug_shrine, hangedman_ru_absence
D:4:      first_ration, grunt_ministairs_12, trog_three_pillars_becter,
          uniq_menkaure
D:5:      serial_park_tiny_2, nemelex_xobeh_ov_fountains_minmay
D:6:      kennysheep_little_box, serial_shops, shop, hangedman_minor_gate_pass,
          uniq_blork_the_orc, uniq_grinder
D:7:      kennysheep_mini, minmay_temple_entry_glass, serial_shops,
          nicolae_shop_crystal, shop, nicolae_shop_trees, nicolae_shop_stone
D:8:      marbit_many_paths, lair_entry_dummy, basic_altar
Temple:   compressed_dpeg_circular_temple
